 Dungeon Crawl Stone Soup version 0.17.1-3-g152610e (webtiles) character file.

138 Gargoyl the Skirmisher (level 5, 0/61 HPs)
             Began as a Demonspawn Abyssal Knight on Apr 15, 2016.
             Was a Believer of Lugonu.
             Slain by an orc
             ... wielding a +0 mace
              (4 damage)
             ... on level 3 of the Dungeon.
             The game lasted 00:07:53 (3380 turns).

Gargoyl the Skirmisher (Demonspawn Abyssal Knight)  Turns: 3380, Time: 00:07:53

Health: 0/61       AC: 22    Str: 14    XL:     5   Next: 1%
Magic:  7/7        EV:  2    Int: 15    God:    Lugonu [**....]
Gold:   185        SH:  7    Dex: 12    Spells: 0 memorised, 4 levels left

rFire  + . .     SeeInvis .     a - +2 hand axe
rCold  . . .     Clarity  .     (armour currently unavailable)
rNeg   + + +     SustAt   .     g - +0 shield
rPois  +         Gourm    .     (helmet currently unavailable)
rElec  .         Spirit   .     (cloak currently unavailable)
rCorr  .         Warding  .     (gloves currently unavailable)
rMut   .         NoTele   +     (boots currently unavailable)
MR     .....                    (no amulet)
Stlth  ++........               (no ring)
                                e - ring of protection from fire

@: tree-form, not resistant to hostile enchantments, unstealthy
A: (talons 0), (iridescent scales 0), clever 1
a: Depart the Abyss, Bend Space, Renounce Religion


You were on level 3 of the Dungeon.
You worshipped Lugonu.
Lugonu was pleased with you.
You were not hungry.
You were a tree.
You visited 1 branch of the dungeon, and saw 3 of its levels.
You visited the Abyss 1 time.

You collected 185 gold pieces.

Inventory:

Hand Weapons
 a - a +2 hand axe (weapon)
Missiles
 p - 21 poisoned needles
Armour
 c - a +0 hat (melded)
 g - a +0 shield (worn)
 l - a +0 pair of gloves (melded)
 x - a +2 scale mail of poison resistance (melded)
Jewellery
 e - a ring of protection from fire (left branch)
 r - an uncursed amulet of resist mutation
Wands
 d - a wand of slowing (37)
Scrolls
 h - a scroll of fog
 j - 3 scrolls of remove curse
 m - a scroll of identify
 q - a scroll of noise
 w - a scroll of recharging
Potions
 b - a potion of might
 n - a potion of beneficial mutation
 o - a potion of magic {unknown}
 u - a potion of cancellation {unknown}
 v - a potion of curing {unknown}
Comestibles
 i - a bread ration
 k - a meat ration
 s - 2 beef jerkies
 t - a royal jelly


   Skills:
 + Level 3.5 Fighting
 + Level 2.2 Axes
 * Level 3.1 Armour
 + Level 1.7 Dodging
 + Level 1.0 Stealth
 + Level 1.0 Shields
 + Level 2.8 Invocations


You had 4 spell levels left.
You didn't know any spells.

Dungeon Overview and Level Annotations

Branches:
Dungeon (3/15)

Altars:


Innate Abilities, Weirdness & Mutations

((You have sharp toenails.))
((You are partially covered in iridescent scales (AC +4).))
Your mind is acute. (Int +2)


Message History

The orc hits you. The orc closely misses you.
You block the orc priest's attack. The orc hits you but does no damage.
The orc hits you with a mace!
Drink which item? (? for menu, Esc to quit)
It was a potion of beneficial mutation.
You feel clever.
You feel fantastic! You block the orc's attack. You block the orc's attack.
The orc priest calls down the wrath of Beogh upon you.
Pain shoots through your body!
* * * LOW HITPOINT WARNING * * *
Drink which item? (? for menu, Esc to quit)
Okay, then.
Okay, then.
Drink which item? (? for menu, Esc to quit)
It was a potion of lignification.
You turn into a tree.
Your +0 hat melds into your body.
Your +0 pair of gloves melds into your body.
Your +2 scale mail of poison resistance melds into your body.
Your roots penetrate the ground.
The orc hits you with a mace.
You die...

#.#.#.# #
#.#.#.#####.#
#...#.......#
#########.......#.
..................
##########.####.##
#.#........
#.##.#oo........
....%.o♣........
##.#.#o######### #
#. #. #. #. :. #.


You could see an orc priest and 3 orcs.

Vanquished Creatures
  An orc wizard (D:3)
  A worker ant (D:3)
  An adder (D:2)
  An ooze (D:3)
  2 worms
  2 giant geckos
  5 orcs (D:3)
  6 giant cockroaches
  9 hobgoblins
  4 jackals
  4 kobolds
  6 bats
  2 giant newts
  6 goblins
  7 rats
57 creatures vanquished.

Notes
Turn   | Place    | Note
--------------------------------------------------------------
     0 | Abyss:1  | Gargoyl the Demonspawn Abyssal Knight began the quest for the Orb.
     0 | Abyss:1  | Reached XP level 1. HP: 18/18 MP: 2/2
    87 | Abyss:3  | Noticed a chaos spawn
    96 | D:1      | Escaped the Abyss
   346 | D:1      | Reached * piety under Lugonu
   353 | D:1      | Reached skill level 1 in Dodging
   672 | D:1      | Gained mutation: You are partially covered in iridescent scales (AC +4). [demonic ancestry]
   672 | D:1      | Reached XP level 2. HP: 17/24 MP: 4/4
  1200 | D:2      | Reached skill level 1 in Stealth
  1447 | D:2      | Reached XP level 3. HP: 12/29 MP: 5/5
  2610 | D:3      | Reached ** piety under Lugonu
  2624 | D:3      | Gained mutation: You have sharp toenails. [demonic ancestry]
  2624 | D:3      | Reached XP level 4. HP: 7/35 MP: 6/6
  3325 | D:3      | Reached skill level 1 in Shields
  3376 | D:3      | Reached XP level 5. HP: 25/41 MP: 7/7
  3379 | D:3      | Gained mutation: Your mind is acute. (Int +2) [potion of beneficial mutation]
  3380 | D:3      | Slain by an orc

Action                   |  1- 3 |  4- 6 || total
-------------------------+-------+-------++-------
Melee: Hand axe          |   179 |    68 ||   247
Invok: Depart the Abyss  |     1 |       ||     1
  Use: Potion            |     2 |     2 ||     4
       Scroll            |    10 |       ||    10
 Stab: Distracted        |     1 |       ||     1
  Eat: Bread ration      |     1 |       ||     1
       Chunk             |     1 |     2 ||     3
       Fruit             |       |     5 ||     5
